 Dungeon Crawl Stone Soup version 0.32-a0-560-g4c7f4391e0 (webtiles) character file.

Game seed: 6011492674000743417

74 Dittersdorf the Covered (level 4, -2/29 HPs)
             Began as a Gargoyle Fighter on Feb 29, 2024.
             Incinerated by a bombardier beetle (5 damage)
             ... with a burning spray
             ... on level 2 of the Dungeon.
             The game lasted 00:00:51 (1019 turns).

Dittersdorf the Covered (Gargoyle Fighter)          Turns: 1019, Time: 00:00:51

Health: -2/29      AC: 10    Str: 22    XL:     4   Next: 30%
Magic:  4/4        EV:  9    Int:  8    God:
Gold:   229        SH:  4    Dex:  9    Spells: 3/3 levels left

rFire   . . .        a - +0 flail
rCold   . . .        c - +0 buckler
rNeg    + . .        b - +0 scale mail
rPois   ∞            (no helmet)
rElec   +            (no cloak)
rCorr   .            (no gloves)
SInv    .            (no boots)
Will    .....        (no amulet) Stlth
                     (no ring)
HPRegen 0.24/turn    (no ring)
MPRegen 0.09/turn

%: no passive effects
@: on fire, glowing
A: sickness immunity, AC +3, negative energy resistance 1, electricity
resistance, torment resistance 1, petrification resistance
a: no special abilities


You were on level 2 of the Dungeon.
You visited 1 branch of the dungeon, and saw 2 of its levels.

You collected 229 gold pieces.

Inventory:

Hand Weapons
 a - a +0 flail (weapon)
Missiles
 g - 5 curare-tipped darts (quivered)
Armour
 b - a +0 scale mail (worn)
 c - a +0 buckler (worn)
Scrolls
 e - a scroll of identify {unknown}
 h - a scroll of fog {unknown}
 i - a scroll of enchant weapon {unknown}
 j - a scroll of fear {unknown}
Potions
 d - a potion of might
 f - a potion of brilliance {unknown}
 k - a potion of degeneration {unknown}


   Skills:
 + Level 4.0 Fighting
 + Level 2.7 Maces & Flails
 + Level 4.0 Armour
 + Level 3.9 Shields


You had 3 spell levels left.
You didn't know any spells.
Your spell library contained the following spells:

 Spells                   Type           Power      Damage    Failure   Level
 Ensorcelled Hibernation  Hex/Ice        0%         N/A       90%         2
 Passwall                 Erth           0%         N/A       99%         3
 Swiftness                Air            0%         N/A       99%         3


Dungeon Overview and Level Annotations

Branches:
Dungeon (2/15)

Altars:

Shops:
D:1 (


Innate Abilities, Weirdness & Mutations

You are immune to sickness and miasma.
Your stone body is resilient. (AC +3)
You are immune to poison.
You resist negative energy. (rN+)
You are resistant to electric shocks. (rElec)
You are resistant to unholy torment.
You are immune to petrification.


Message History

You are covered in liquid fire!
You hit the bombardier beetle but do no damage.
The bombardier beetle is almost dead.
The liquid fire burns you! The adder bites you.
The adder bites you but does no damage.
The bombardier beetle barely misses you.
You are too injured to fight recklessly!
You are too injured to fight recklessly!
You are too injured to fight recklessly!
You are too injured to fight recklessly!
You are too injured to fight recklessly!
You are too injured to fight recklessly!
You are too injured to fight recklessly!
You are too injured to fight recklessly!
You are too injured to fight recklessly!
You are too injured to fight recklessly!
You are too injured to fight recklessly!
You are too injured to fight recklessly!
You are too injured to fight recklessly!
You are too injured to fight recklessly!
You are too injured to fight recklessly!
You are too injured to fight recklessly!
You are too injured to fight recklessly!
You are too injured to fight recklessly!
You thump the bombardier beetle!
You kill the bombardier beetle!
The liquid fire burns you!
* * * LOW HITPOINT WARNING * * *
The adder bites you but does no damage. x2
Your Fighting skill increases to level 4!
Your Armour skill increases to level 4!
You have reached level 4!
You feel stronger.
You closely miss the adder. The liquid fire burns you!
* * * LOW HITPOINT WARNING * * *
The adder bites you but does no damage.
You barely miss the adder. The liquid fire burns you!
You die...

#.##.#........#
#.......########...
#....#### #......
####.## .......
#.####...# .......
#........# ......#
######...# ......#
#.)÷######......#
######........@S......
###....)..........#..###
..................# #
###..............##
######>...####.#
#.........# #...#######
#...# #...#


You could see an adder.

Vanquished Creatures
  A bombardier beetle (D:2)
  An adder (D:2)
  A dart slug (D:1)
  2 endoplasms (D:2)
  3 goblins (D:2)
  4 jackals (D:1)
  4 quokkas
  4 ball pythons
  3 bats
  2 frilled lizards
  2 kobolds (D:1)
  2 rats
29 creatures vanquished.

Notes
Turn   | Place    | Note
-------+----------+-------------------------------------------
     0 | D:1      | Dittersdorf the Gargoyle Fighter began the quest for the
                  | Orb.
     0 | D:1      | Reached XP level 1. HP: 14/14 MP: 1/1
   117 | D:1      | Reached XP level 2. HP: 16/19 MP: 2/2
   372 | D:1      | Found Fefyiw's Weapon Shoppe.
   718 | D:2      | Reached XP level 3. HP: 23/23 MP: 3/3
  1018 | D:2      | Reached XP level 4. HP: 8/29 MP: 4/4
  1019 | D:2      | Incinerated by a bombardier beetle

Illustrated notes

Levels and vault maps discovered:
D:1:      scummos_arrival_simple_fountains, layout_loops_cross, serial_shops,
          shop_coins
D:2:      minmay_wonky_spiral, layout_loops_cross, palyth_stone_intersect

Skill      XL: |  1  2  3 |
---------------+----------+-----
Fighting       | 4 |  4.0
Armour         | 4 |  4.0
Maces & Flails | |  2.7
Shields        | |  3.9

Action                     |  1- 3 |  4- 6 || total
---------------------------+-------+-------++-------
  Melee: Flail             |    94 |     2 ||    96
 Armour: Scale mail        |    95 |     1 ||    96
  Dodge: Dodged            |    74 |       ||    74
  Block: Buckler           |    24 |       ||    24

Table legend: (Time is in decaauts)
 A = Elapsed time spent in this place.
 B = Non-inter-level travel time spent in this place.
 C = Inter-level travel time spent in this place.
 D = Time resting spent in this place.
 E = Time spent auto-exploring this place.
 F = Levels seen in this place.
 G = Mean time per level.
                   A        B        C        D        E       F      G
               +--------+--------+--------+--------+--------+-----+--------+
         Total |   1049 |   1021 |     28 |     60 |    729 |   2 |  524.5 |
       Dungeon |   1049 |   1021 |     28 |     60 |    729 |   2 |  524.5 |
               +--------+--------+--------+--------+--------+-----+--------+

Top non-repeatable levels by time:
     D:1: 662 daAuts
     D:2: 387 daAuts
